XFBL
LOS ANGELES DODGERS @ CHICAGO CUBS
05/30/1982
 
TOP OF THE 1ST
Los Angeles Dodgers batting - Pitching for Chicago Cubs : RHP Shikato Ueda
Pitching: RHP Shikato Ueda
Batting: RHB Billy Sample 0-0: Fly out, F9 (Flyball, 89D, EV 98.8 MPH)
Batting: RHB Carney Lansford 0-0: Called Strike
0-1: Ball
1-1: SINGLE (Groundball, 6MD, EV 98.1 MPH)
Batting: RHB Dick Davis 0-0: Ball
Carney Lansford steals 2nd base (no throw)
1-0: Ball
Carney Lansford steals 3rd base
2-0: Fly out, F9 (Flyball, 9LM, EV 95.0 MPH)
Runner from 3rd tags up, SCORES, throw by RF
Batting: RHB Jerry Keller 0-0: Called Strike
0-1: Ball
1-1: Foul Ball, location: 2F
1-2: Ground out U3 (Groundball, 34, EV 87.5 MPH)
Top of the 1st over - 1 run, 1 hit, 0 errors, 0 left on base; Los Angeles 1 - Chicago 0
BOTTOM OF THE 1ST
Chicago Cubs batting - Pitching for Los Angeles Dodgers : RHP Nick Williams
Pitching: RHP Nick Williams
Batting: RHB Gary Ward 0-0: Called Strike
0-1: Fly out, F6 (Popup, P, EV 88.8 MPH)
Batting: RHB Bill Madlock 0-0: Called Strike
0-1: Ball
1-1: Ball
2-1: DOUBLE (Flyball, 8LXD, EV 105.0 MPH)
Batting: RHB Lonnie Smith 0-0: Ball
Bill Madlock steals 3rd base
1-0: Called Strike
1-1: Ball
2-1: Fly out, F4 (Flyball, 34D, EV 88.1 MPH)
Batting: RHB Jim Rice 0-0: Ball
Passed Ball!
Bill Madlock scores
1-0: Foul Ball, location: 2F
1-1: Foul Ball, location: 2F
1-2: Ball
2-2: Ball
3-2: SINGLE (Line Drive, 7S, EV 106.9 MPH)
Batting: SHB Roy Smalley 0-0: Ball
1-0: Ball
2-0: Ball
3-0: Called Strike
3-1: DOUBLE (Line Drive, 89D, EV 104.4 MPH)
Jim Rice to third
Runner from 3rd tries for Home, throw by RF and OUT! 9-4-2
Bottom of the 1st over - 1 run, 3 hits, 0 errors, 1 left on base; Los Angeles 1 - Chicago 1
TOP OF THE 2ND
Los Angeles Dodgers batting - Pitching for Chicago Cubs : RHP Shikato Ueda
Batting: RHB Gary Gaetti 0-0: Swinging Strike
0-1: Ball
1-1: Ball
2-1: Called Strike
2-2: Strikes out swinging
Batting: SHB Chris W Smith 0-0: Ball
1-0: Ball
2-0: Called Strike
2-1: Called Strike
2-2: Fly out, F7 (Flyball, 7S, EV 92.5 MPH)
Batting: RHB Toby Harrah 0-0: Called Strike
0-1: Ball
1-1: Fly out, F7 (Line Drive, 7, EV 91.3 MPH)
Top of the 2nd over - 0 runs, 0 hits, 0 errors, 0 left on base; Los Angeles 1 - Chicago 1
BOTTOM OF THE 2ND
Chicago Cubs batting - Pitching for Los Angeles Dodgers : RHP Nick Williams
Batting: RHB Randy Ready 0-0: Ball
1-0: Reached on error, E6 (Groundball, 6S, EV 68.8 MPH)
Batting: LHB Johnny Grubb 0-0: Called Strike
0-1: Fielders Choice at 2nd, 1-6 (Groundball, P, EV 66.9 MPH)
Batting: RHB Bob Brenly 0-0: Called Strike
0-1: Foul Ball, location: 2F
Pickoff Throw to First - Out! 1-3
0-2: Ball
1-2: Strikes out swinging
Bottom of the 2nd over - 0 runs, 0 hits, 1 error, 0 left on base; Los Angeles 1 - Chicago 1
TOP OF THE 3RD
Los Angeles Dodgers batting - Pitching for Chicago Cubs : RHP Shikato Ueda
Batting: RHB Roberto Reyes 0-0: Swinging Strike
0-1: Ball
1-1: Ball
2-1: Ball
3-1: Fly out, F8 (Line Drive, 8RD, EV 86.9 MPH)
Batting: RHB Nick Williams 0-0: Called Strike
0-1: Swinging Strike
0-2: Foul Ball, location: 2F
0-2: Ball
1-2: Ground out U3 (Groundball, 34, EV 83.1 MPH)
Batting: RHB Billy Sample 0-0: Foul Ball, location: 2F
0-1: SINGLE (Groundball, 4MD, EV 106.9 MPH)
Batting: RHB Carney Lansford 0-0: Ball
1-0: Foul Ball, location: 2F
1-1: Called Strike
1-2: Strikes out swinging
Top of the 3rd over - 0 runs, 1 hit, 0 errors, 1 left on base; Los Angeles 1 - Chicago 1
BOTTOM OF THE 3RD
Chicago Cubs batting - Pitching for Los Angeles Dodgers : RHP Nick Williams
Batting: RHB Shikato Ueda 0-0: Fly out, F7 (Flyball, 78M, EV 78.8 MPH)
Batting: RHB Gary Ward 0-0: Ball
1-0: Called Strike
1-1: Ground out 6-3 (Groundball, 6, EV 103.8 MPH)
Batting: RHB Bill Madlock 0-0: Ball
1-0: Fly out, F9 (Flyball, 9, EV 69.4 MPH)
Bottom of the 3rd over - 0 runs, 0 hits, 0 errors, 0 left on base; Los Angeles 1 - Chicago 1
TOP OF THE 4TH
Los Angeles Dodgers batting - Pitching for Chicago Cubs : RHP Shikato Ueda
Batting: RHB Dick Davis 0-0: Foul Ball, location: 2F
0-1: Foul Ball, location: 2F
0-2: Ball
1-2: Fly out, F8 (Flyball, 8LXD, EV 103.8 MPH)
Batting: RHB Jerry Keller 0-0: Ball
1-0: DOUBLE (Line Drive, 7LM, EV 90.0 MPH)
Batting: RHB Gary Gaetti 0-0: Swinging Strike
0-1: Ball
1-1: Swinging Strike
1-2: Strikes out swinging
Batting: SHB Chris W Smith 0-0: Called Strike
0-1: Ball
1-1: Ball
2-1: Ball
3-1: Foul Ball, location: 2F
3-2: DOUBLE (Line Drive, 7LS, EV 92.5 MPH)
Jerry Keller scores
Batting: RHB Toby Harrah 0-0: Swinging Strike
0-1: SINGLE (Groundball, 56S, EV 69.4 MPH) (infield hit)
Chris W Smith to third
Batting: RHB Roberto Reyes 0-0: Ball
1-0: SINGLE (Line Drive, 9S, EV 93.1 MPH)
Chris W Smith scores
Toby Harrah to second
Runner from 2nd tries for 3rd, SAFE, throw by RF made to third
Batting: RHB Nick Williams 0-0: Ball
1-0: Foul Ball, location: 2F
1-1: Swinging Strike
1-2: Ball
Passed Ball!
Toby Harrah scores
Roberto Reyes to second
2-2: Ball
3-2: Strikes out swinging
Top of the 4th over - 3 runs, 4 hits, 0 errors, 1 left on base; Los Angeles 4 - Chicago 1
BOTTOM OF THE 4TH
Chicago Cubs batting - Pitching for Los Angeles Dodgers : RHP Nick Williams
Batting: RHB Lonnie Smith 0-0: Called Strike
0-1: Ground out 1-3 (Groundball, 13S, EV 71.9 MPH)
Batting: RHB Jim Rice 0-0: Fly out, F7 (Flyball, 7D, EV 94.4 MPH)
Batting: SHB Roy Smalley 0-0: Ball
1-0: Fly out, F9 (Flyball, 8RM, EV 90.0 MPH)
Bottom of the 4th over - 0 runs, 0 hits, 0 errors, 0 left on base; Los Angeles 4 - Chicago 1
TOP OF THE 5TH
Los Angeles Dodgers batting - Pitching for Chicago Cubs : RHP Shikato Ueda
Batting: RHB Billy Sample 0-0: Ball
1-0: Called Strike
1-1: SINGLE (Groundball, 56D, EV 103.8 MPH)
Batting: RHB Carney Lansford 0-0: Ball
1-0: Ball
Billy Sample steals 2nd base
2-0: Foul Ball, location: 2F
2-1: Ball
Wild Pitch!
Billy Sample to third
3-1: Foul Ball, location: 2F
3-2: Base on Balls
Batting: RHB Dick Davis 0-0: Ball
1-0: Ball
2-0: Fly out, F5 (Popup, 56S, EV 71.9 MPH)
Batting: RHB Jerry Keller 0-0: Ball
Carney Lansford is caught stealing 2nd base 2-4
1-0: Swinging Strike
1-1: Ball
2-1: Foul Ball, location: 2F
2-2: Foul Ball, location: 2F
2-2: Fly out, F9 (Flyball, 9S, EV 88.1 MPH)
Top of the 5th over - 0 runs, 1 hit, 0 errors, 1 left on base; Los Angeles 4 - Chicago 1
BOTTOM OF THE 5TH
Chicago Cubs batting - Pitching for Los Angeles Dodgers : RHP Nick Williams
Batting: RHB Randy Ready 0-0: Called Strike
0-1: Ball
1-1: Foul Ball, location: 2F
1-2: Ball
2-2: Ball
3-2: Fly out, F3 (Popup, 34, EV 77.5 MPH)
Batting: LHB Johnny Grubb 0-0: Swinging Strike
0-1: Swinging Strike
0-2: Ball
1-2: Ground out 5-3 (Groundball, 5, EV 99.4 MPH)
Batting: RHB Bob Brenly 0-0: SINGLE (Flyball, 7S, EV 86.9 MPH)
Batting: RHB Shikato Ueda 0-0: Called Strike
0-1: Foul Ball, location: 2F
0-2: Ball
1-2: Ball
2-2: Strikes out swinging
Bottom of the 5th over - 0 runs, 1 hit, 0 errors, 1 left on base; Los Angeles 4 - Chicago 1
TOP OF THE 6TH
Los Angeles Dodgers batting - Pitching for Chicago Cubs : RHP Shikato Ueda
Batting: RHB Gary Gaetti 0-0: Ball
1-0: Swinging Strike
1-1: Swinging Strike
1-2: Foul Ball, location: 2F
1-2: Ball
2-2: Strikes out swinging
Batting: SHB Chris W Smith 0-0: Ball
1-0: Ball
2-0: Ball
3-0: Fly out, F8 (Flyball, 8RD, EV 101.9 MPH)
Batting: RHB Toby Harrah 0-0: Ball
1-0: Foul Ball, location: 2F
1-1: Called Strike
1-2: Ball
2-2: Fly out, F9 (Flyball, 89D, EV 84.4 MPH)
Top of the 6th over - 0 runs, 0 hits, 0 errors, 0 left on base; Los Angeles 4 - Chicago 1
BOTTOM OF THE 6TH
Chicago Cubs batting - Pitching for Los Angeles Dodgers : RHP Nick Williams
Batting: RHB Gary Ward 0-0: Ball
1-0: Ball
2-0: Fly out, F9 (Flyball, 9, EV 79.4 MPH)
Batting: RHB Bill Madlock 0-0: Ball
1-0: Ball
2-0: Swinging Strike
2-1: Foul Ball, location: 2F
2-2: Ball
3-2: Fly out, F3 (Popup, 3F, EV 70.6 MPH)
Batting: RHB Lonnie Smith 0-0: Ball
1-0: Called Strike
1-1: Ball
2-1: Foul Ball, location: 2F
2-2: Fly out, F8 (Flyball, 8LD, EV 91.9 MPH)
Bottom of the 6th over - 0 runs, 0 hits, 0 errors, 0 left on base; Los Angeles 4 - Chicago 1
TOP OF THE 7TH
Los Angeles Dodgers batting - Pitching for Chicago Cubs : RHP Shikato Ueda
Batting: RHB Roberto Reyes 0-0: Called Strike
0-1: Called Strike
0-2: Ball
1-2: Ball
2-2: Ground out 4-3 (Groundball, 4, EV 81.3 MPH)
Batting: RHB Nick Williams 0-0: Ball
1-0: Called Strike
1-1: SINGLE (Line Drive, 7S, EV 88.8 MPH)
Batting: RHB Billy Sample 0-0: Ball
1-0: Called Strike
1-1: Foul Ball, location: 2F
1-2: SINGLE (Groundball, 6D, EV 102.5 MPH)
Nick Williams to second
Batting: RHB Carney Lansford 0-0: Ball
1-0: Ball
2-0: Ball
3-0: Called Strike
3-1: Base on Balls
Nick Williams to third
Billy Sample to second
Batting: RHB Dick Davis 0-0: Ball
1-0: Ball
2-0: Ball
3-0: Called Strike
3-1: Base on Balls
Nick Williams scores
Billy Sample to third
Carney Lansford to second
Batting: RHB Jerry Keller 0-0: Ball
1-0: Foul Ball, location: 2F
1-1: Ball
2-1: SINGLE (Line Drive, 89S, EV 105.0 MPH)
Billy Sample scores
Carney Lansford to third
Dick Davis to second
Runner from 3rd tries for Home, SAFE, throw by RF to home
Pitching: RHP Matt Keough
Batting: RHB Gary Gaetti 0-0: Ball
1-0: Called Strike
1-1: Foul Ball, location: 2F
1-2: Foul Ball, location: 2F
1-2: Fly out, F7 (Flyball, 78M, EV 82.5 MPH)
Batting: SHB Chris W Smith 0-0: Ball
1-0: Fly out, F7 (Line Drive, 7, EV 95.6 MPH)
Top of the 7th over - 3 runs, 3 hits, 0 errors, 2 left on base; Los Angeles 7 - Chicago 1
BOTTOM OF THE 7TH
Chicago Cubs batting - Pitching for Los Angeles Dodgers : RHP Nick Williams
Batting: RHB Jim Rice 0-0: Ball
1-0: SINGLE (Groundball, 56S, EV 66.9 MPH) (infield hit)
Batting: SHB Roy Smalley 0-0: Ball
1-0: Ball
2-0: Foul Ball, location: 2F
2-1: Ball
3-1: Foul Ball, location: 2F
3-2: Ground out 4-3 (Groundball, 4, EV 102.5 MPH)
Jim Rice to second
Batting: RHB Randy Ready 0-0: Called Strike
0-1: Foul Ball, location: 2F
0-2: Ball
1-2: Ball
2-2: Ball
3-2: Ground out 2-3 (Groundball, 2L, EV 66.3 MPH)
Jim Rice to third
Batting: LHB Johnny Grubb 0-0: Ball
1-0: Fly out, F9 (Flyball, 9LS, EV 83.1 MPH)
Bottom of the 7th over - 0 runs, 1 hit, 0 errors, 1 left on base; Los Angeles 7 - Chicago 1
TOP OF THE 8TH
Los Angeles Dodgers batting - Pitching for Chicago Cubs : RHP Matt Keough
Batting: RHB Toby Harrah 0-0: Ball
1-0: Ball
2-0: SOLO HOME RUN (Flyball, 7D, EV 94.4 MPH), Distance : 386 ft
Batting: RHB Roberto Reyes 0-0: Ball
1-0: Ball
2-0: Ball
3-0: Called Strike
3-1: Base on Balls
Batting: RHB Nick Williams 0-0: Sac Bunt to P - play at first, batter OUT! 1-4
Roberto Reyes to second
Pinch Hitting: RHB John Almon 0-0: Called Strike
0-1: Ball
1-1: Swinging Strike
1-2: Strikes out looking
Batting: RHB Carney Lansford 0-0: Ball
1-0: Ball
2-0: Foul Ball, location: 2F
2-1: Called Strike
2-2: SINGLE (Groundball, 6MD, EV 97.5 MPH)
Roberto Reyes to third
Runner from 3rd tries for Home, SAFE, throw by CF to home
Carney Lansford to second
Batting: RHB Dick Davis 0-0: Called Strike
0-1: Ball
1-1: Ball
2-1: Ball
3-1: Called Strike
3-2: TRIPLE (Flyball, 89XD, EV 110.6 MPH)
Carney Lansford scores
Batting: RHB Jerry Keller 0-0: Ball
1-0: Ball
2-0: Ball
3-0: Foul Ball, location: 2F
3-1: Foul Ball, location: 2F
3-2: Foul Ball, location: 2F
3-2: Fly out, F9 (Flyball, 9LD, EV 100.6 MPH)
Top of the 8th over - 3 runs, 3 hits, 0 errors, 1 left on base; Los Angeles 10 - Chicago 1
BOTTOM OF THE 8TH
Chicago Cubs batting - Pitching for Los Angeles Dodgers : RHP Nick Williams
Now in CF: John Almon
Batting: RHB Bob Brenly 0-0: Called Strike
0-1: Fly out, F8 (Flyball, 89S, EV 86.9 MPH)
Batting: RHB Matt Keough 0-0: Ball
1-0: Foul Ball, location: 2F
1-1: Fly out, F6 (Line Drive, 6, EV 65.6 MPH)
Batting: RHB Gary Ward 0-0: Ball
1-0: Foul Ball, location: 2F
1-1: Ball
2-1: Foul Ball, location: 2F
2-2: Ball
3-2: Foul Ball, location: 2F
3-2: Base on Balls
Batting: RHB Bill Madlock 0-0: Ball
1-0: Foul Ball, location: 2F
1-1: Ball
2-1: Ball
3-1: Called Strike
3-2: Base on Balls
Gary Ward to second
Batting: RHB Lonnie Smith 0-0: Ball
1-0: Called Strike
1-1: Swinging Strike
1-2: Strikes out swinging
Bottom of the 8th over - 0 runs, 0 hits, 0 errors, 2 left on base; Los Angeles 10 - Chicago 1
TOP OF THE 9TH
Los Angeles Dodgers batting - Pitching for Chicago Cubs : RHP Matt Keough
Batting: RHB Gary Gaetti 0-0: Ball
1-0: Fly out, F8 (Flyball, 8LM, EV 78.1 MPH)
Batting: SHB Chris W Smith 0-0: Foul Ball, location: 2F
0-1: SINGLE (Groundball, 6M, EV 85.6 MPH) (infield hit)
Batting: RHB Toby Harrah 0-0: Ball
1-0: Called Strike
1-1: Ball
2-1: Grounds into double play, 6-4-3 (Groundball, 6, EV 84.4 MPH)
Top of the 9th over - 0 runs, 1 hit, 0 errors, 0 left on base; Los Angeles 10 - Chicago 1
BOTTOM OF THE 9TH
Chicago Cubs batting - Pitching for Los Angeles Dodgers : RHP Nick Williams
Batting: RHB Jim Rice 0-0: Ball
1-0: Fly out, F2 (Popup, 2LF, EV 96.3 MPH)
Batting: SHB Roy Smalley 0-0: Called Strike
0-1: Foul Ball, location: 2F
0-2: Ball
1-2: Ground out 6-3 (Groundball, 6M, EV 91.3 MPH)
Batting: RHB Randy Ready 0-0: Ball
1-0: Ball
2-0: Called Strike
2-1: SINGLE (Groundball, 4D, EV 98.1 MPH)
Batting: LHB Johnny Grubb 0-0: Ball
1-0: Called Strike
1-1: Swinging Strike
1-2: Fly out, F8 (Flyball, 8RS, EV 82.5 MPH)
Bottom of the 9th over - 0 runs, 1 hit, 0 errors, 1 left on base; Los Angeles 10 - Chicago 1
Wednesday, August 5th, 2020 - OOTP Baseball 21.5 Build 76